 Seeded DCSS version 0.30.0-5-g1a98f26d00 (webtiles) character file.

Game seed: 18007716519941398942 (custom seed)

10 IndexError the Trooper (level 2, 25/25 HPs)
             Began as a Demonspawn Fighter on May 11, 2023.
             Quit the game on level 1 of the Dungeon.
             The game lasted 00:01:32 (170 turns).

IndexError the Trooper (Demonspawn Fighter)          Turns: 170, Time: 00:01:32

Health: 25/25      AC:  6    Str: 16    XL:     2   Next: 10%
Magic:  2/2        EV:  8    Int:  9    God:
Gold:   9          SH:  4    Dex: 12    Spells: 1/1 levels left

rFire   . . .        a - +0 long sword
rCold   . . .        c - +0 buckler
rNeg    . . .        b - +0 scale mail
rPois   .            (no helmet)
rElec   .            (no cloak)
rCorr   .            (no gloves)
SInv    .            (no boots)
Will    .....        (no amulet) Stlth
                     (no ring)
HPRegen 0.24/turn    (no ring)
MPRegen 0.08/turn

%: no passive effects
@: studying Transmutations
A: powered by pain 1
a: no special abilities


You were on level 1 of the Dungeon.
You visited 1 branch of the dungeon, and saw 1 of its levels.

You collected 9 gold pieces.

Inventory:

Hand Weapons
 a - a +0 long sword (weapon)
Armour
 b - a +0 scale mail (worn)
 c - a +0 buckler (worn)
Jewellery
 g - an amulet of faith {Faith, !P}
   (You found it on level 1 of the Dungeon)
 h - an amulet of the acrobat
   (You found it on level 1 of the Dungeon)
 k - the ring "Lilyta" {rF+ EV+5}
   (You acquired it on level 1 of the Dungeon)

   [ring of evasion]

   EV:        It affects your evasion (+5).
   rF:        It protects you from fire.
Scrolls
 e - a scroll of magic mapping {unknown}
 i - a scroll of fog {unknown}
 j - a scroll of acquirement
Potions
 d - a potion of might
 f - a potion of berserk rage {unknown}


   Skills:
 + Level 3.6 Fighting
 - Level 1.7 Long Blades
 - Level 2.6 Armour
 - Level 2.6 Shields


You had one spell level left.
You didn't know any spells.
Your spell library was empty.

Dungeon Overview and Level Annotations

Branches:
Dungeon (1/15)

Altars:


Innate Abilities, Weirdness & Mutations

You sometimes gain a little power by taking damage.


Message History

Options error: Bad colour 'boring' in message_colour setting: 'boring:glows slightly and disappears' Options error: Bad colour 'boring' in message_colour setting: 'boring:is slowly consumed by flames' Options error: Bad colour 'boring' in message_colour setting: 'boring:slowly burns to ash' Options error: Bad colour 'boring' in message_colour setting: 'boring:slowly crumbles into the ground' Options error: Bad colour 'boring' in message_colour setting: 'boring:shimmers? and breaks? into pieces' Options error: Bad colour 'boring' in message_colour setting: 'boring:stares at you suspiciously for a moment' Options error: Bad colour 'boring' in message_colour setting: 'boring:trembles before you' Options error: Bad colour 'boring' in message_colour setting: 'boring:You feel mildly nauseous' Options error: Bad colour 'boring' in message_colour setting: 'boring:Multicoloured lights dance around' Options error: Unknown explore stop condition 'greedy_sacrificeable' (~/.crawlrc:7640) Bad channel name 'Jiyva says' for runrest: 'Jiyva says: Divide and consume' Welcome, IndexError the Demonspawn Fighter.
Game seed: 18007716519941398942 (custom seed) Press ? for a list of commands and other information.
Found six items.
Found a staircase leading out of the dungeon.
Unknown command.
Unknown command.
Unknown command.
Unknown command.
Unknown command.
Unknown command.
e - a scroll labelled DAUD DOTON
f - a pink potion
g - an amulet of faith {Faith, !P} You now have 9 gold pieces.
A jackal comes into view.
The jackal barks!
You hear a bark! x2
You slash the jackal!
No target in view!
You see here a jackal corpse. 2 endoplasms come into view.
The endoplasm quivers. x2
The endoplasm moves out of view.
You see here a jackal corpse.
You hit the endoplasm. The endoplasm freezes you.
You are frozen.
You take 3 damage, and have 15/18 hp.
You hit the endoplasm but do no damage. The endoplasm freezes you.
You are frozen.
The endoplasm freezes you.
You are frozen.
You take 6 damage, and have 9/18 hp.
MASSIVE DAMAGE!!
You are too injured to fight recklessly!
You are too injured to fight recklessly!
You are too injured to fight recklessly!
You slash the endoplasm! You slash the endoplasm!
You see here a jackal corpse.
A jackal comes into view.
You regained 4 hp, and now have 14/18 hp.
The jackal barks!
You hit the jackal.
No target in view!
No target in view!
HP restored.
Found a stone staircase leading down.
Health restored: 18
h - an amulet of the acrobat A hobgoblin comes into view.
The hobgoblin shouts!
You block the hobgoblin's attack.
You hit the hobgoblin.
No target in view!
A goblin comes into view. It is wielding a +0 dagger.
The goblin shouts!
An endoplasm comes into view.
There are monsters nearby!
The endoplasm quivers.
You see here a scroll labelled UNKIPPOYZU.
A frilled lizard comes into view.
You block the goblin's attack.
You slash the goblin!
The endoplasm hits you but does no damage.
You have reached level 2!
Your demonic ancestry asserts itself...
You feel energised by your suffering.
Health restored: 24; MP restored: 2 You slash the endoplasm!
You miss the frilled lizard.
The frilled lizard bites you but does no damage.
You hit the frilled lizard.
Health restored: 25 No target in view!
No target in view!
No target in view!
i - a scroll labelled UNKIPPOYZU
Things that are here:
a +0 dagger; a frilled lizard corpse
j - 3 scrolls labelled DICAOL JAOKK This is a scroll of acquirement!
You see here a manual of Transmutations.
Something appears at your feet!
You pick up a manual of Transmutations {!d} and begin studying.
Something appears at your feet!
k - the ring "Lilyta" {rF+ EV+5} Unknown command.
Are you sure you want to abandon this character and quit the game? (Confirm with "yes".)

............
..##†#.#####
.###.# # .#
#.# .# #.#
.# #.#
####### .#
#.# #.. ..#
####.#####
#.# #.#
#......)#
#.# #@#
#.#.##.##
#.# #.#
#.#..#.#
##.###.# #
##.#.#
#...)..#
.#.#
#..###.#
.#.# #..#
#.# .#.#
#..# ###
.#.# #..#
#.# #..#


There were no monsters in sight!

Vanquished Creatures
  3 endoplasms (D:1)
  A goblin (D:1)
  A hobgoblin (D:1)
  2 jackals (D:1)
  A frilled lizard (D:1)
8 creatures vanquished.

Notes
Turn   | Place    | Note
-------+----------+-------------------------------------------
     0 | D:1      | IndexError the Demonspawn Fighter began the quest for the
                  | Orb.
     0 | D:1      | Reached XP level 1. HP: 18/18 MP: 1/1
   151 | D:1      | Gained mutation: You sometimes gain a little power by
                  | taking damage. [demonic ancestry]
   151 | D:1      | Reached XP level 2. HP: 24/24 MP: 2/2
   166 | D:1      | Identified 3 scrolls of acquirement
   166 | D:1      | Acquired a manual of Transmutations
   168 | D:1      | Acquired the ring "Lilyta" {rF+ EV+5}
   170 | D:1      | Quit the game

Illustrated notes

Levels and vault maps discovered:
D:1:      psy_arrival_dodecagon, layout_basic,
          dreamdust_ecumenical_altar_sealed_demon

Action                     || total
---------------------------++-------
  Melee: Long sword        ||    11
    Use: Scroll            ||     2
 Armour: Scale mail        ||     2
  Block: Buckler           ||     2

Levels and vault maps discovered:
D:1:      psy_arrival_dodecagon, layout_basic,
          dreamdust_ecumenical_altar_sealed_demon

Table legend: (Time is in decaauts)
 A = Elapsed time spent in this place.
 B = Non-inter-level travel time spent in this place.
 C = Inter-level travel time spent in this place.
 D = Time resting spent in this place.
 E = Time spent auto-exploring this place.
 F = Levels seen in this place.
 G = Mean time per level.
                   A        B        C        D        E       F      G
               +--------+--------+--------+--------+--------+-----+--------+
         Total |    174 |    174 |      0 |      0 |     52 |   1 |  174.0 |
       Dungeon |    174 |    174 |      0 |      0 |     52 |   1 |  174.0 |
               +--------+--------+--------+--------+--------+-----+--------+

Top non-repeatable levels by time:
     D:1: 174 daAuts

Table legend:
 A = Kills in this place as a percentage of kills in the entire game.
 B = Kills by you in this place as a percentage of kills by you in the entire game.
 C = Kills by friends in this place as a percentage of kills by friends in the entire game.
 D = Other kills in this place as a percentage of other kills in the entire game.
 E = Experience gained in this place as a percentage of experience gained in the entire game.
 F = Experience gained in this place divided by the number of levels of this place that you have seen.
                   A       B       C       D       E      F
               +-------+-------+-------+-------+-------+----------------------
         Total | 100.0 | 100.0 |   N/A |   N/A | 100.0 |  15.0
       Dungeon | 100.0 | 100.0 |   N/A |   N/A | 100.0 |  15.0
               +-------+-------+-------+-------+-------+----------------------
